 Dungeon Crawl Stone Soup version 0.30-a0-279-g4b46babb21 (webtiles) character file.

Game seed: 10390467020349692831

1089 rogsnak the Gusty (level 8, 0/54 HPs)
             Began as a Barachi Air Elementalist on Oct 16, 2022.
             Slain by a killer bee (3 damage)
             ... on level 5 of the Dungeon.
             The game lasted 00:14:55 (5007 turns).

rogsnak the Gusty (Barachi Air Elementalist)        Turns: 5007, Time: 00:14:56

Health: 0/54       AC:  5    Str: 10    XL:     8   Next: 31%
Magic:  8/16       EV: 13    Int: 20    God:
Gold:   237        SH:  0    Dex: 15    Spells: 13/18 levels left

rFire   . . .      SeeInvis +    r - +1 whip of Pasuixzu {spect, *Corrode Int+2 Dex+3}
rCold   . . .      Faith    .    (no shield)
rNeg    + . .      Spirit   .    t - +0 animal skin
rPois   .          Reflect  .    o - +0 helmet
rElec   .          Harm     .    n - +0 cloak
rCorr   .          Rampage  .    z - +0 pair of gloves
Will    .....                    (no boots)
Stlth   ++........               l - amulet of the acrobat
HPRegen 0.29/turn                x - ring of positive energy
MPRegen 0.15/turn                w - ring of see invisible

@: lethally poisoned (0 -> -8), unable to hop, slow
A: amphibious, slowness 1, strong legs 1, +LOS
a: Hop


You were on level 5 of the Dungeon.
You visited 1 branch of the dungeon, and saw 5 of its levels.

You collected 237 gold pieces.

Inventory:

Hand Weapons
 g - a +1 dagger of venom
 r - the +1 whip of Pasuixzu (weapon) {spect, *Corrode Int+2 Dex+3}
   (You found it on level 2 of the Dungeon)

   When its wielder attacks, the weapon's spirit leaps out and strikes again.
   The spirit shares a part of any damage it takes with its wielder.
   Int:       It affects your intelligence (+2).
   Dex:       It affects your dexterity (+3).
   *Corrode:  It may corrode you when you take damage.
 A - a +4 spear of flaming
Missiles
 m - 10 poisoned darts
Armour
 n - a +0 cloak (worn)
 o - a +0 helmet (worn)
 t - a +0 animal skin (worn)
 z - a +0 pair of gloves (worn)
Jewellery
 d - a ring of flight
 l - an amulet of the acrobat (around neck)
 w - a ring of see invisible (right hand)
 x - a ring of positive energy (left hand)
Wands
 C - a wand of digging (5)
Scrolls
 a - a scroll of immolation {unknown}
 e - a scroll of blinking {unknown}
 i - 10 scrolls of teleportation {unknown}
 k - a scroll of vulnerability {unknown}
 p - 4 scrolls of identify {unknown}
 q - a scroll of fog {unknown}
 s - 2 scrolls of magic mapping {unknown}
 v - 4 scrolls of enchant armour {unknown}
 y - a scroll of fear {unknown}
 B - a scroll of poison {unknown}
Potions
 b - a potion of magic
 c - 2 potions of mutation {unknown}
 f - 3 potions of curing {unknown}
 h - a potion of lignification {unknown}
 j - 2 potions of berserk rage {unknown}
 u - 2 potions of invisibility {unknown}


   Skills:
 + Level 1.4 Fighting
 + Level 3.0 Dodging
 - Level 2.0 Stealth
 + Level 5.5 Spellcasting
 * Level 6.3 Conjurations
 + Level 6.3 Air Magic


You had 13 spell levels left.
You knew the following spells:

 Your Spells              Type           Power      Damage    Failure   Level
a - Shock                 Conj/Air       100%       1d9       1%          1
b - Airstrike             Air            15%        2d(3-19)  9%          4

Your spell library contained the following spells:

 Spells                   Type           Power      Damage    Failure   Level
 Static Discharge         Conj/Air       60%        2-5/arc   1%          2
 Swiftness                Air            30%        N/A       2%          3
 Necrotise                Necr           20%        1d5       11%         1
 Sublimation of Blood     Necr           5%         N/A       17%         2
 Wereblood                Tmut           5%         N/A       17%         2
 Vampiric Draining        Necr           5%         2d6       32%         3
 Agony                    Necr           5%         N/A       97%         5
 Summon Hydra             Summ           2%         N/A       100%        7


Dungeon Overview and Level Annotations

Branches:
Dungeon (5/15)
 Temple: D:4-7

Altars:
Makhleb
Qazlal
Zin
The Shining One

Shops:
D:1 =


Innate Abilities, Weirdness & Mutations

You are amphibious.
You cover ground slowly.
You can hop short distances.
You have an extended range of vision and can be seen from far away.


Message History

The killer bee closely misses you.
You are no longer corroded.
You feel sick. The killer bee stings you.
You are more poisoned.
The killer bee poisons you! The killer bee completely misses you.
You feel very sick. The killer bee stings you!
You feel sick. The killer bee completely misses you.
The killer bee closely misses you.
Unknown command.
Casting: Shock (safe; 1% risk of failure)
Confirm with . or Enter, or press ? or * to list all spells.
Aiming: Shock (safe; 1% risk of failure)
Press: ? - help, Shift-Dir - straight line, p - killer bee The zap misses the killer bee.
You feel sick. The killer bee barely misses you. The killer bee stings you.
You are more poisoned.
The killer bee poisons you!
The killer bee stings you but does no damage.
The killer bee closely misses you.
Casting: Shock (safe; 1% risk of failure)
Confirm with . or Enter, or press ? or * to list all spells.
Aiming: Shock (safe; 1% risk of failure)
Press: ? - help, Shift-Dir - straight line The zap hits the killer bee.
The killer bee is almost dead.
You feel very sick.
The killer bee barely misses you. x3; The killer bee stings you.
* * * LOW HITPOINT WARNING * * *
Casting: Shock (safe; 1% risk of failure)
Confirm with . or Enter, or press ? or * to list all spells.
Aiming: Shock (safe; 1% risk of failure)
Press: ? - help, Shift-Dir - straight line The zap misses the killer bee.
* * * LOW HITPOINT WARNING * * *
You feel very sick. The killer bee closely misses you.
The killer bee stings you.
* * * LOW HITPOINT WARNING * * *
The killer bee closely misses you. The killer bee stings you.
You die...

#... ##...........#...#
...##................##
###.....................###
##....#..............#.....##
#.....#.........###.........##
#..##.................<......##
#..#..............#.....#.....##
#............#yy..##...........#
###.........###@..##............
##....###.## ##..#.†...........
##......#### ##...............
#.......# ##..##........#.
#...#...# ##.###.........
#..###### ##............ ..y..#
##....#..)..##. .y..##
##.....#...)...# .#...
##..†...#...~[~..


You could see 2 killer bees.

Vanquished Creatures
  A steam dragon (D:4)
  2 black bears
  An ogre (D:5)
  A phantom (D:4)
  A gnoll sergeant (D:4)
  A scorpion (D:5)
  2 hounds (D:5)
  A gnoll bouda (D:3)
  2 orc priests (D:5)
  An iguana (D:5)
  An orc wizard (D:5)
  Robin (D:1)
  12 gnolls
  5 adders
  A shadow imp (D:5)
  3 white imps (D:5)
  2 ufetubi (D:5)
  2 worms
  4 dart slugs
  3 orcs (D:5)
  8 ball pythons
  6 endoplasms
  2 giant cockroaches (D:2)
  16 goblins
  11 hobgoblins
  7 jackals
  A quokka (D:3)
  2 bats (D:1)
  3 frilled lizards
  9 kobolds
  5 rats
117 creatures vanquished.

Notes
Turn   | Place    | Note
-------+----------+-------------------------------------------
     0 | D:1      | rogsnak the Barachi Air Elementalist began the quest for
                  | the Orb.
     0 | D:1      | Reached XP level 1. HP: 13/13 MP: 3/3
   411 | D:1      | Reached XP level 2. HP: 19/19 MP: 1/5
   877 | D:1      | Found Jyamu's Jewellery Shop.
  1035 | D:2      | Reached XP level 3. HP: 22/24 MP: 3/6
  1104 | D:2      | Noticed Robin
  1278 | D:1      | Killed Robin
  1408 | D:2      | Reached XP level 4. HP: 30/30 MP: 3/7
  1474 | D:2      | Identified the +1 whip of Pasuixzu {spect, *Corrode Int+2
                  | Dex+3}
  1505 | D:2      | Found a glowing golden altar of the Shining One.
  2018 | D:3      | Found a glowing silver altar of Zin.
  2089 | D:3      | Found a burning altar of Makhleb.
  2399 | D:3      | Found a stormy altar of Qazlal.
  2569 | D:3      | Learned a level 4 spell: Airstrike
  2818 | D:4      | Reached XP level 5. HP: 36/36 MP: 6/9
  2845 | D:4      | Noticed a black bear
  3225 | D:4      | Killed a black bear
  3226 | D:4      | Reached skill level 5 in Air Magic
  3226 | D:4      | Reached XP level 6. HP: 42/42 MP: 2/11
  3421 | D:4      | Noticed a steam dragon
  3698 | D:4      | Killed a steam dragon
  3699 | D:4      | Reached XP level 7. HP: 13/47 MP: 4/13
  3700 | D:4      | HP: 2/47 [phantom (7)]
  4167 | D:4      | Reached skill level 5 in Conjurations
  4245 | D:5      | Entered Level 5 of the Dungeon
  4526 | D:5      | Reached skill level 1 in Fighting
  4536 | D:5      | Reached skill level 5 in Spellcasting
  4622 | D:5      | Reached XP level 8. HP: 54/54 MP: 9/15
  5007 | D:5      | Slain by a killer bee

Illustrated notes

Levels and vault maps discovered:
D:1:      dpeg_arrival_castle, layout_loops_ring, serial_shops, shop,
          minmay_misc_feat_chi, minmay_misc_feat_x
D:2:      layout_rooms, basic_altar, uniq_robin
D:3:      layout_loops_ring, grunt_temple_overflow_open
D:4:      layout_gridville
D:5:      layout_cave_pools, grunt_temple_overflow_diamond, serial_demonic,
          serial_demonic_f, serial_demonic_f, serial_demonic_d, serial_demonic_g

Skill      XL: |  1  2  3  4  5  6  7  8 |
---------------+-------------------------+-----
Air Magic      | 4 5 6 |  6.3
Conjurations   | 2 3 4 5 6 |  6.3
Spellcasting   | 3 4 5 |  5.5
Stealth        | 2 |  2.0
Fighting       | 1 |  1.4
Dodging        | 3 |  3.0

Action                   |  1- 3 |  4- 6 |  7- 9 || total
-------------------------+-------+-------+-------++-------
Melee: Unarmed           |     4 |       |       ||     4
       Dagger            |    17 |     6 |       ||    23
       Short sword       |     3 |       |       ||     3
       Whip              |       |    11 |     3 ||    14
 Cast: Shock             |    55 |   128 |    89 ||   272
 Abil: Hop               |       |     2 |     1 ||     3
 Stab: Sleeping          |       |     1 |       ||     1
Armor: Robe              |     3 |       |       ||     3
       Animal skin       |       |     7 |     3 ||    10
Dodge: Dodged            |    20 |    36 |    37 ||    93

Table legend: (Time is in decaauts)
 A = Elapsed time spent in this place.
 B = Non-inter-level travel time spent in this place.
 C = Inter-level travel time spent in this place.
 D = Time resting spent in this place.
 E = Time spent auto-exploring this place.
 F = Levels seen in this place.
 G = Mean time per level.
                   A        B        C        D        E       F      G
               +--------+--------+--------+--------+--------+-----+--------+
         Total |   5518 |   5370 |    148 |   1028 |   2827 |   5 | 1103.6 |
       Dungeon |   5518 |   5370 |    148 |   1028 |   2827 |   5 | 1103.6 |
               +--------+--------+--------+--------+--------+-----+--------+

Top non-repeatable levels by time:
     D:4: 1611 daAuts
     D:1: 1247 daAuts
     D:2: 978 daAuts
     D:3: 967 daAuts
     D:5: 714 daAuts
